 Dungeon Crawl Stone Soup version 0.31-a0-232-gb1c03b2570 (webtiles) character file.

Game seed: 5024851828641898149

22 qw the Shooter (level 2, -1/17 HPs)
             Began as a Gargoyle Hexslinger on July 7, 2023.
             Slain by a gnoll
             ... wielding a +0 club
              (2 damage)
             ... on level 1 of the Dungeon.
             The game lasted 00:00:17 (551 turns).

qw the Shooter (Gargoyle Hexslinger)                 Turns: 551, Time: 00:00:17

Health: -1/17      AC:  7    Str: 11    XL:     2   Next: 91%
Magic:  3/3        EV: 10    Int: 13    God:
Gold:   115        SH:  0    Dex: 12    Spells: 2/3 levels left

rFire   . . .        Y - +1 sling
rCold   . . .        (no shield)
rNeg    + . .        d - +0 ring mail
rPois   inf          (no helmet)
rElec   +            (no cloak)
rCorr   .            (no gloves)
SInv    .            (no boots)
Will    .....        (no amulet)
Stlth   +            (no ring)
HPRegen 0.22/turn    (no ring)
MPRegen 0.08/turn

%: no passive effects
@: no status effects
A: sickness immunity, AC +2, negative energy resistance 1, electricity
resistance, torment resistance 1, petrification resistance
a: no special abilities


You were on level 1 of the Dungeon.
You visited 1 branch of the dungeon, and saw 2 of its levels.

You collected 115 gold pieces.


Innate Abilities, Weirdness & Mutations

You are immune to sickness and miasma.
Your stone body is resilient. (AC +2)
You are immune to poison.
You resist negative energy. (rN+)
You are resistant to electric shocks. (rElec)
You are resistant to unholy torment.
You are immune to petrification.


   Skills:
 + Level 1.8 Fighting
 - Level 3.0 Ranged Weapons
 - Level 1.5 Dodging
 - Level 1.0 Spellcasting
 - Level 2.6 Hexes


You had 2 spell levels left.
You knew the following spells:

 Your Spells              Type           Power      Damage    Failure   Level
a - Slow                  Hex            28%        N/A       22%         1

Your spell library contained the following spells:

 Spells                   Type           Power      Damage    Failure   Level
 Inner Flame              Hex/Fire       4%         N/A       75%         3
 Portal Projectile        Hex/Tloc       8%         N/A       75%         3
 Cause Fear               Hex            3%         N/A       92%         4

Inventory:

Hand Weapons
 Y - a +1 sling (weapon)
Armour
 d - a +0 ring mail (worn)
Scrolls
 a - a scroll of fear {unknown}
Potions
 g - a potion of cancellation

Dungeon Overview and Level Annotations

Branches:
Dungeon (2/15)

Altars:


Message History

The goblin shouts!
You hear an angry hiss.
Enter note:
Enter note:
Enter note: You shoot a sling bullet.
The sling bullet closely misses the goblin.
You shoot a sling bullet. The sling bullet hits the goblin!
You kill the goblin!
A gnoll comes into view. It is wielding a +0 club.
The gnoll shouts!
Enter note:
Enter note:
Enter note: You shoot a sling bullet.
The sling bullet hits the gnoll.
The gnoll is lightly wounded.
You shoot a sling bullet.
The sling bullet closely misses the gnoll.
You shoot a sling bullet. The sling bullet hits the gnoll.
The gnoll is heavily wounded.
You shoot a sling bullet.
The sling bullet barely misses the gnoll.
The gnoll hits you with a +0 club.
You shoot a sling bullet.
The sling bullet barely misses the gnoll.
The gnoll closely misses you.
You shoot a sling bullet.
The sling bullet hits the gnoll but does no damage.
The gnoll is heavily wounded.
The gnoll hits you with a +0 club.
You shoot a sling bullet.
The sling bullet closely misses the gnoll.
The gnoll closely misses you. The gnoll hits you with a +0 club.
You shoot a sling bullet.
The sling bullet hits the gnoll but does no damage.
The gnoll is heavily wounded.
The gnoll hits you with a +0 club.
You shoot a sling bullet.
The sling bullet closely misses the gnoll.
The gnoll hits you with a +0 club.
You die...

#.# #.# #.. . #.# #.#
...?. .. #.#.##.####
#.#g......# . #)#@#
... #.#.####
....##......#
..........##.# #
.........# #
..#.#.######.#
..#.#.##.# #.##.#
#..#.........###....#
...#..#.........#####


You could see a gnoll.

Vanquished Creatures
  2 bats
  2 endoplasms (D:1)
  A giant cockroach (D:2)
  3 hobgoblins
  A quokka (D:2)
  2 ball pythons
  3 goblins
  4 kobolds
  4 rats (D:1)
22 creatures vanquished.

Notes
Turn   | Place    | Note
-------+----------+-------------------------------------------
     0 | D:1      | qw the Gargoyle Hexslinger began the quest for the Orb.
     0 | D:1      | Reached XP level 1. HP: 12/12 MP: 2/2
     0 | D:1      | 0 ||| qw: Version: 0.3-a-46-gb1f654a
     0 | D:1      | 0 ||| qw: Game counter: 2942
     0 | D:1      | 0 ||| qw: Melee chars always use a shield: true
     0 | D:1      | 0 ||| qw: God list: Okawaru
     0 | D:1      | 0 ||| qw: Allow faded altars: false
     0 | D:1      | 0 ||| qw: Do Orc after clearing Dungeon:15 true
     0 | D:1      | 0 ||| qw: Do second Lair branch before Depths: true
     0 | D:1      | 0 ||| qw: Lair rune preference: random
     0 | D:1      | 0 ||| qw: Goals: Normal
     0 | D:1      | 0 ||| PLANNING D:1-11
   154 | D:1      | Reached XP level 2. HP: 9/16 MP: 3/3
   206 | D:1      | You fall into a shaft and drop 1 floor!
   235 | D:2      | Found a faded altar of an unknown god.
   270 | D:2      | Reached skill level 3 in Ranged Weapons
   399 | D:2      | 399 ||| UPGRADING to +0 ring mail.
   409 | D:2      | 409 ||| DROPPING +0 robe.
   410 | D:2      | 410 ||| READING scroll labelled CUCRIYDIOT.
   411 | D:2      | 411 ||| READING scroll labelled KOSHRY MEROV.
   412 | D:2      | 412 ||| DRINKING 2 cyan potions.
   413 | D:2      | 413 ||| DRINKING 2 ruby potions.
   414 | D:2      | 414 ||| DROPPING scroll of poison.
   415 | D:2      | 415 ||| DROPPING potion of attraction.
   420 | D:2      | 420 ||| FLEEEEING.
   421 | D:2      | 421 ||| FLEEEEING.
   422 | D:2      | 422 ||| FLEEEEING.
   423 | D:2      | 423 ||| STAIRDANCE
   549 | D:1      | HP: 4/17 [gnoll/+0 club (2)]
   550 | D:1      | HP: 1/17 [gnoll/+0 club (4)]
   551 | D:1      | Slain by a gnoll

Levels and vault maps discovered:
D:1:      dpeg_arrival_prison, layout_basic
D:2:      layout_loops_ring, ebering_ecumenical_altar_ruins

Skill      XL: |  1  2 |
---------------+-------+-----
Ranged Weapons | 3 |  3.0
Fighting       | |  1.8
Dodging        | |  1.5
Spellcasting   | |  1.0
Hexes          | |  2.6

Action                     || total
---------------------------++-------
   Fire: Sling             ||    63
    Use: Scroll            ||     2
         Potion            ||     2
 Armour: Robe              ||     6
         Ring mail         ||     3
  Dodge: Dodged            ||    10

Table legend:
 A = Non-vault XP
 B = Vault XP
 C = Vault XP percentage of total XP
 D = Non-vault monster count
 E = Vault monster count
 F = Vault count percentage of total count
                 A         B        C        D         E       F
            +---------+---------+-------+---------+---------+-------
      Total |      31 |       1 |   3.1 |      21 |       1 |   4.5
            +---------+---------+-------+---------+---------+-------
        D:1 |      18 |       1 |   5.3 |      13 |       1 |   7.1
        D:2 |      13 |       0 |   0.0 |       8 |       0 |   0.0
            +---------+---------+-------+---------+---------+-------
